 Dungeon Crawl Stone Soup version 0.29-a0-477-g62b78b4225 (webtiles) character file.

Game seed: 9286535914755556273

3299 Bnni the Martial Artist (level 10, -3/99 HPs)
             Began as an Octopode Transmuter on May 25, 2022.
             Was an Initiate of Gozag.
             Slain by a basilisk (6 damage)
             ... while petrified by a basilisk
             ... on level 8 of the Dungeon.
             The game lasted 00:11:08 (6604 turns).

Bnni the Martial Artist (Octopode Transmuter)       Turns: 6604, Time: 00:11:08

Health: -3/99      AC: 29    Str: 19    XL:     10   Next: 1%
Magic:  17/17      EV:  2    Int: 15    God:    Gozag
Gold:   311        SH:  0    Dex: 20    Spells: 9/19 levels left

rFire   . . .      SeeInvis +     - Unarmed
rCold   . . .      Faith    .   (no shield)
rNeg    + + +      Spirit   .   (helmet currently unavailable)
rPois   ∞          Reflect  +   y - amulet of reflection
rElec   .          Harm     .   b - +4 ring of protection
rCorr   .          Rampage  .   l - +6 ring of strength
Will    .....      NoTele   +   p - +6 ring of dexterity
Stlth   ++........              G - ring of see invisible
HPRegen 0.26/turn               (no ring)
MPRegen 0.15/turn               (no ring)
                                (no ring)
                                (no ring)

@: tree-form, petrified
A: stationary, stasis, torment immunity, boosted hp, almost no armour,
(amphibious), 8 rings, (camouflage 1), (gelatinous body 1), (nimble swimmer 1),
(tentacles)
a: Renounce Religion, Potion Petition, Call Merchant, Bribe Branch


You were on level 8 of the Dungeon.
You worshipped Gozag.
Gozag was aware of your devotion.
You were a tree.
You visited 2 branches of the dungeon, and saw 9 of its levels.

You collected 421 gold pieces.
You paid 110 gold pieces to Gozag.

Inventory:

Jewellery
 b - a +4 ring of protection (left branch)
 l - a +6 ring of strength (right branch)
 p - a +6 ring of dexterity (on tentacle)
 y - an amulet of reflection (around neck)
 C - a ring of ice
 G - a ring of see invisible (on tentacle)
Wands
 n - a wand of iceblast (11)
 B - a wand of digging (10)
 J - a wand of flame (22)
Scrolls
 c - 2 scrolls of enchant weapon {unknown}
 d - 4 scrolls of identify {unknown}
 e - 3 scrolls of teleportation {unknown}
 h - a scroll of acquirement {unknown}
 i - a scroll of magic mapping {unknown}
 m - 2 scrolls of enchant armour {unknown}
 s - 2 scrolls of poison {unknown}
 v - a scroll of vulnerability {unknown}
 w - a scroll of fog {unknown}
 z - a scroll of brand weapon {unknown}
 A - a scroll of fear {unknown}
 D - 5 scrolls of noise {unknown}
 E - a scroll of amnesia {unknown}
 F - a scroll of blinking {unknown}
 H - a scroll of silence {unknown}
Potions
 a - a potion of lignification
 g - a potion of heal wounds {unknown}
 j - 3 potions of cancellation {unknown}
 k - 2 potions of resistance {unknown}
 o - a potion of experience {unknown}
 q - a potion of flight {unknown}
 r - 3 potions of haste {unknown}
 t - 2 potions of might {unknown}
 u - 2 potions of attraction {unknown}
 x - 2 potions of magic {unknown}
 I - a potion of ambrosia {unknown}


   Skills:
 + Level 5.4 Fighting
 - Level 2.0 Dodging
 * Level 8.4 Unarmed Combat
 + Level 5.2 Spellcasting
 * Level 8.1 Transmutations
 - Level 2.0 Ice Magic
 - Level 2.0 Poison Magic


You had 9 spell levels left.
You knew the following spells:

 Your Spells              Type           Power      Damage    Failure   Level
a - Beastly Appendage     Tmut           56%        N/A       1%          1
b - Wereblood             Tmut           28%        N/A       1%          2
c - Spider Form           Tmut/Pois      19%        N/A       6%          3
d - Ice Form              Ice/Tmut       19%        N/A       21%         4

Your spell library contained the following spells:

 Spells                   Type           Power      Damage    Failure   Level
 Blink                    Tloc           6%         N/A       24%         2
 Lesser Beckoning         Tloc           3%         N/A       43%         3
 Manifold Assault         Tloc           3%         N/A       99%         5


Dungeon Overview and Level Annotations

Branches:
Dungeon (8/15)             Temple (1/1) D:7
   Lair: D:8-11

Altars:
Ashenzari
Cheibriados
Dithmenos
Elyvilon
Fedhas
Gozag
Hepliaklqana
Kikubaaqudgha
Makhleb
Nemelex Xobeh
Okawaru
Qazlal
Ru
Sif Muna
Trog
Uskayaw
Vehumet
Wu Jian
Xom
Yredelemnul
Zin
The Shining One


Innate Abilities, Weirdness & Mutations

You are a tree.
Your roots penetrate the ground, keeping you stationary.
You cannot be teleported.
You are immune to unholy pain and torment.
Your maximum health is greatly increased.
You are immune to poison.
You cannot wear most types of armour.
((You are amphibious.))
You can wear up to eight rings at the same time.
((Your skin changes colour to match your surroundings (Stealth+).))
((Your rubbery body absorbs attacks. (AC +1, EV +1)))
((You are camouflaged when in or above water. (Stealth+)))
((You have tentacles for arms and can constrict up to eight enemies at once.))


Message History

Your limbs are stiffening.
You punch the basilisk!
The basilisk seems to slow down.
You freeze the basilisk.
The basilisk is heavily wounded.
You warm up again.
You block the basilisk's attack.
You have turned to stone.
The basilisk bites you!
* * * LOW HITPOINT WARNING * * *
The basilisk is no longer moving slowly.
The basilisk gazes at you. The basilisk bites you.
* * * LOW HITPOINT WARNING * * *
The basilisk completely misses you. The basilisk gazes at you.
You resist with some effort. The basilisk gazes at you.
You resist with some effort. The basilisk gazes at you.
You turn to flesh and can move again.
Really quaff the potion of lignification?
You turn into a tree.
Your roots penetrate the ground.
The basilisk bites you!
* * * LOW HITPOINT WARNING * * *
You closely miss the basilisk.
The basilisk is heavily wounded.
The basilisk gazes at you.
You are slowing down.
You barely miss the basilisk. You punch the basilisk!
The basilisk is severely wounded.
You block the basilisk's attack.
Your limbs are stiffening.
You closely miss the basilisk.
The basilisk is severely wounded.
The basilisk bites you but does no damage.
You have turned to stone.
The basilisk bites you but does no damage. x3
The basilisk bites you!
* * * LOW HITPOINT WARNING * * *
The basilisk hisses menacingly.
The basilisk bites you!
You die...
Your body crumbles into a pile of gold.

... $
.. ..
#. #.##
.Y# #l#
#♣##
#$$#
##.##
#..#
##.##
#..#
##.##
#..#
##.##.#


You could see a yak and a basilisk.

Vanquished Creatures
  Pikel (D:4)
  A wyvern (D:8)
  4 yaks (D:8)
  Edmund (D:6)
  4 water moccasins
  A sky beast (D:7)
  2 ogres
  2 black bears (D:6)
  A centaur (D:8)
  A lemure (D:4)
  A bullfrog (D:6)
  2 scorpions
  2 necrophages
  5 wights (D:7)
  3 hounds
  2 jellies
  2 iguanas (D:5)
  5 orc wizards
  Robin (D:4)
  4 gnolls (D:5)
  3 adders
  A shadow imp (D:7)
  An ufetubus (D:6)
  A dart slug (D:2)
  16 orcs
  8 endoplasms
  2 giant cockroaches
  21 goblins
  10 hobgoblins
  2 jackals (D:1)
  3 kobolds
  3 quokkas
  9 ball pythons
  8 bats
  4 frilled lizards (D:2)
  4 rats
141 creatures vanquished.

Vanquished Creatures (others)
  2 fungi (D:8)
  6 plants (D:8)
8 creatures vanquished.

Grand Total: 149 creatures vanquished

Notes
Turn   | Place    | Note
-------+----------+-------------------------------------------
     0 | D:1      | Bnni the Octopode Transmuter began the quest for the Orb.
     0 | D:1      | Reached XP level 1. HP: 13/13 MP: 3/3
   235 | D:1      | Reached XP level 2. HP: 18/18 MP: 5/5
   238 | D:1      | Learned a level 2 spell: Wereblood
  1078 | D:2      | Reached XP level 3. HP: 22/23 MP: 6/6
  1218 | D:2      | Found a faded altar of an unknown god.
  1725 | D:3      | Reached XP level 4. HP: 29/29 MP: 7/7
  1734 | D:3      | Learned a level 3 spell: Spider Form
  1798 | D:3      | Found a broken altar of Ashenzari.
  1800 | D:3      | Noticed a necrophage
  1811 | D:3      | Killed a necrophage
  1812 | D:3      | Reached skill level 1 in Poison Magic
  1812 | D:3      | Reached XP level 5. HP: 33/34 MP: 4/8
  2422 | D:4      | Noticed a lemure
  2477 | D:4      | Noticed an ogre
  2483 | D:4      | Noticed Robin
  2488 | D:4      | Killed an ogre
  2489 | D:4      | Reached XP level 6. HP: 39/41 MP: 7/10
  2499 | D:4      | Killed Robin
  2576 | D:4      | Noticed Pikel
  2590 | D:4      | Killed Pikel
  2591 | D:4      | Reached skill level 5 in Unarmed Combat
  2591 | D:4      | Reached skill level 5 in Transmutations
  2591 | D:4      | Reached XP level 7. HP: 28/46 MP: 7/12
  2912 | D:4      | Learned a level 4 spell: Ice Form
  3824 | D:5      | Entered Level 5 of the Dungeon
  3957 | D:5      | Reached XP level 8. HP: 51/52 MP: 13/13
  4880 | D:6      | Noticed Edmund
  4890 | D:6      | Killed Edmund
  5439 | D:7      | Reached XP level 9. HP: 38/59 MP: 12/15
  5518 | D:7      | Found a staircase to the Ecumenical Temple.
  5526 | Temple   | Entered the Ecumenical Temple
  5568 | Temple   | Became a worshipper of Gozag Ym Sagoz the Greedy
  6190 | D:7      | Reached skill level 1 in Ice Magic
  6566 | D:8      | Reached skill level 5 in Fighting
  6569 | D:8      | Reached skill level 5 in Spellcasting
  6585 | D:8      | Reached XP level 10. HP: 22/66 MP: 17/17
  6596 | D:8      | HP: 4/99 [basilisk (8)]
  6603 | D:8      | HP: 2/99 [basilisk (4)]
  6604 | D:8      | Slain by a basilisk

Illustrated notes

Levels and vault maps discovered:
D:1:      dpeg_arrival_water_fire, layout_basic, minmay_stone_trees_small,
          minmay_cut_off
D:2:      layout_loops_ring, hellmonk_ecumenical_altar_run_dry,
          dreamdust_mushroom_princess
D:3:      layout_basic, ashenzari_altar_1, minmay_misc_feat_four_crosses
D:4:      layout_layer_cave, uniq_robin, uniq_pikel
D:5:      layout_basic, serial_curves, eino_curves_02, eino_curves_03
D:6:      layout_loops_ring, uniq_edmund
D:7:      layout_loops_ring, minmay_temple_entry_stoned_glass,
          chequers_serial_rivers_small_b
D:8:      layout_basic, minmay_lair_entry_grove, serial_shops, shop
Temple:   compressed_dpeg_circular_temple

Skill      XL: |  1  2  3  4  5  6  7  8  9 |
---------------+----------------------------+-----
Unarmed Combat | 4 5 7 8 |  8.4
Transmutations | 3 5 6 8 |  8.1
Poison Magic   | 1 2 |  2.0
Fighting       | 2 3 4 5 |  5.4
Spellcasting   | 3 4 5 |  5.2
Ice Magic      | 2 |  2.0
Dodging        | |  2.0

Action                   |  1- 3 |  4- 6 |  7- 9 | 10-12 || total
-------------------------+-------+-------+-------+-------++-------
Melee: Unarmed           |    86 |    90 |   163 |     4 ||   343
       Kick              |     5 |    11 |     6 |       ||    22
       Constrict         |    23 |    20 |    29 |       ||    72
       Tentacles         |    13 |    13 |    34 |       ||    60
       Punch             |     1 |     5 |    13 |     1 ||    20
 Cast: Beastly Appendage |     3 |     2 |     4 |       ||     9
       Wereblood         |     3 |     4 |     5 |       ||    12
       Spider Form       |       |     1 |     2 |       ||     3
       Ice Form          |       |       |     3 |       ||     3
  Use: Potion            |       |       |     2 |     1 ||     3
 Stab: Sleeping          |     6 |     2 |     9 |       ||    17
Armor: Skin              |    22 |    26 |    29 |     4 ||    81
Dodge: Dodged            |    57 |    51 |    81 |     1 ||   190
Block: Other             |       |       |    18 |     2 ||    20

Table legend: (Time is in decaauts)
 A = Elapsed time spent in this place.
 B = Non-inter-level travel time spent in this place.
 C = Inter-level travel time spent in this place.
 D = Time resting spent in this place.
 E = Time spent auto-exploring this place.
 F = Levels seen in this place.
 G = Mean time per level.
                   A        B        C        D        E       F      G
               +--------+--------+--------+--------+--------+-----+--------+
         Total |   6569 |   6274 |    295 |    308 |   4941 |   9 |  729.9 |
       Dungeon |   6512 |   6231 |    281 |    308 |   4941 |   8 |  814.0 |
        Temple |     57 |     43 |     14 |      0 |      0 |   1 |   57.0 |
               +--------+--------+--------+--------+--------+-----+--------+

Top non-repeatable levels by time:
     D:4: 1465 daAuts
     D:1: 941 daAuts
     D:6: 923 daAuts
     D:7: 861 daAuts
     D:5: 791 daAuts
     D:2: 699 daAuts
     D:3: 699 daAuts
     D:8: 128 daAuts
  Temple: 57 daAuts
